 Dungeon Crawl Stone Soup version 0.30-a0-1053-gbd8d5ba0ad (webtiles) character file.

Game seed: 6494298024806461103

21 cforsyth the Caller (level 2, 0/17 HPs)
             Began as an Octopode Summoner on Apr 11, 2023.
             Slain by an adder (2 damage)
             ... on level 3 of the Dungeon.
             The game lasted 00:01:40 (713 turns).

cforsyth the Caller (Octopode Summoner)              Turns: 713, Time: 00:01:41

Health: 0/17       AC:  1    Str:  7    XL:     2   Next: 87%
Magic:  3/5        EV: 13    Int: 17    God:
Gold:   174        SH:  0    Dex: 12    Spells: 5/6 levels left

rFire   . . .      SeeInvis .    (no weapon)
rCold   . . .      Faith    .    (no shield)
rNeg    . . .      Spirit   .    (helmet restricted)
rPois   .          Reflect  .    (no amulet)
rElec   .          Rampage  .    (no ring)
rCorr   .                        (no ring)
Will    .....                    (no ring)
Stlth   +++                      (no ring)
HPRegen 0.22/turn                (no ring)
MPRegen 0.09/turn                (no ring)
                                 (no ring)
                                 (no ring)

@: mighty
A: almost no armour, amphibious, 8 rings, camouflage 1, gelatinous body 1,
(nimble swimmer 1), tentacles
a: no special abilities


You were on level 3 of the Dungeon.
You visited 1 branch of the dungeon, and saw 3 of its levels.

You collected 174 gold pieces.

Inventory:

Scrolls
 c - 3 scrolls of identify {unknown}
 d - a scroll of brand weapon {unknown}
Potions
 a - a potion of magic
 b - a potion of heal wounds {unknown}
 g - a potion of resistance {unknown}
 h - a potion of haste {unknown}


   Skills:
 - Level 2.0 Dodging
 - Level 2.6 Stealth
 + Level 2.6 Spellcasting
 + Level 4.4 Summonings


You had 5 spell levels left.
You knew the following spells:

 Your Spells              Type           Power      Damage    Failure   Level
a - Summon Small Mammal   Summ           68%        N/A       3%          1

Your spell library contained the following spells:

 Spells                   Type           Power      Damage    Failure   Level
 Call Imp                 Summ           34%        N/A       4%          2
 Call Canine Familiar     Summ           17%        N/A       9%          3
 Summon Guardian Golem    Hex/Summ       9%         N/A       22%         3
 Cigotuvi's Dreadful Rot  Necr/Pois/Air  4%         N/A       28%         2
 Lesser Beckoning         Tloc           4%         N/A       28%         2
 Gell's Gravitas          Tloc           2%         N/A       50%         3
 Ignite Poison            Fire/Tmut/Pois 2%         N/A       50%         3
 Teleport Other           Tloc           2%         N/A       50%         3
 Summon Lightning Spire   Summ/Air       9%         N/A       58%         4
 Freezing Cloud           Conj/Ice/Air   1%         6-21      99%         5


Dungeon Overview and Level Annotations

Branches:
Dungeon (3/15)

Altars:

Annotations:
D:2 Jessica


Innate Abilities, Weirdness & Mutations

You cannot wear most types of armour.
You are amphibious.
You can wear up to eight rings at the same time.
Your skin changes colour to match your surroundings (Stealth+).
Your rubbery body absorbs attacks. (AC +1, EV +1)
((You are camouflaged when in or above water. (Stealth+)))
You have tentacles for arms and can constrict up to eight enemies at once.


Message History

Your rat dies!
Your rat's corpse disappears in a puff of smoke!
You are too injured to fight recklessly!
Casting: Summon Small Mammal (safe; 3% risk of failure)
Confirm with . or Enter, or press ? or * to list all spells.
Your bat hits Jessica but does no damage.
Jessica mumbles some strange words.
Jessica blinks!
Your bat barely misses Jessica.
Jessica casts a spell.
Jessica blinks!
Jessica hits you with a +0 club.
* * * LOW HITPOINT WARNING * * *
Your quokka completely misses Jessica.
Your bat hits Jessica but does no damage.
Jessica gestures wildly while chanting.
Jessica blinks!
Unknown command.
There is a stone staircase leading down here.
Unknown command.
Your bat hits Jessica but does no damage.
Jessica hits your bat with a +0 club.
You climb downwards.
You hear the sound of rushing water.
There is an entrance to a sewer on this level.
Hurry and find it before the portal rusts away!
Found 4 stones, 15 gold pieces and a bone wand.
There is a stone staircase leading up here.
You aren't carrying any items that you can evoke.
It was a potion of cancellation.
You feel magically purged.
It was a potion of might.
You feel very mighty all of a sudden.
The adder hisses angrily.
The bat hits you but does no damage.
You bludgeon the bat!
You kill the bat!
Unknown command.
You barely miss the adder. You grab the adder.
You constrict the adder, but do no damage.
The adder bites you.
You die...

. ....#####
.....(S@#
..........#
###...$...#
#.......#
#.......#
#./.....#
#.......#
#########


You could see an adder.

Vanquished Creatures
  2 dart slugs (D:2)
  A giant cockroach (D:1)
  3 goblins
  2 hobgoblins (D:1)
  A bat (D:3)
  A frilled lizard (D:1)
  2 rats
12 creatures vanquished.

Vanquished Creatures (collateral kills)
  A giant cockroach (D:1)
  A hobgoblin (D:1)
  A ball python (D:1)
  A kobold (D:1)
  A rat (D:1)
5 creatures vanquished.

Grand Total: 17 creatures vanquished

Notes
Turn   | Place    | Note
-------+----------+-------------------------------------------
     0 | D:1      | cforsyth the Octopode Summoner began the quest for the Orb.
     0 | D:1      | Reached XP level 1. HP: 11/11 MP: 3/3
   161 | D:1      | Reached XP level 2. HP: 17/17 MP: 3/5
   667 | D:2      | Noticed Jessica
   713 | D:3      | Slain by an adder

Illustrated notes

Levels and vault maps discovered:
D:1:      onia_arrival_mini_spirals, layout_rooms, serial_park_tiny_2
D:2:      layout_basic, serial_rivers, chequers_serial_rivers_marsh,
          chequers_serial_rivers_small_3, chequers_serial_rivers_small_b,
          chequers_serial_rivers_room_b, uniq_jessica
D:3:      layout_basic, lightli_sewer_entry_pipes

Action                     || total
---------------------------++-------
  Melee: Unarmed           ||    36
         Constrict         ||    13
         Tentacles         ||     8
         Punch             ||     1
   Cast: Summon Small Mamm ||    24
    Use: Potion            ||     2
   Stab: Sleeping          ||     1
         Distracted        ||     1
 Armour: Skin              ||     4
  Dodge: Dodged            ||    22

Table legend: (Time is in decaauts)
 A = Elapsed time spent in this place.
 B = Non-inter-level travel time spent in this place.
 C = Inter-level travel time spent in this place.
 D = Time resting spent in this place.
 E = Time spent auto-exploring this place.
 F = Levels seen in this place.
 G = Mean time per level.
                   A        B        C        D        E       F      G
               +--------+--------+--------+--------+--------+-----+--------+
         Total |    712 |    699 |     13 |      0 |    523 |   3 |  237.3 |
       Dungeon |    712 |    699 |     13 |      0 |    523 |   3 |  237.3 |
               +--------+--------+--------+--------+--------+-----+--------+

Top non-repeatable levels by time:
     D:1: 511 daAuts
     D:2: 197 daAuts
     D:3: 3 daAuts
